 Dungeon Crawl Stone Soup version 0.32-a0-391-gce5c0aab1b (webtiles) character file.

Game seed: 6081078902053912328

67 n00bmints the Cudgeller (level 3, -2/33 HPs)
             Began as a Minotaur Berserker on Feb 19, 2024.
             Was a Follower of Trog.
             Slain by Robin
             ... wielding a +0 spear
              (4 damage)
             ... on level 2 of the Dungeon.
             The game lasted 00:04:10 (1085 turns).

n00bmints the Cudgeller (Minotaur Berserker)        Turns: 1085, Time: 00:04:13

Health: -2/33      AC:  5    Str: 23    XL:     3   Next: 98%
Magic:  2/2        EV: 11    Int:  4    God:    Trog [*.....]
Gold:   78         SH:  0    Dex:  9    Spells: 2/2 levels left

rFire   . . .        i - +0 broad axe
rCold   . . .        (no shield)
rNeg    . . .        j - +0 ring mail
rPois   .            (helmet restricted)
rElec   .            (no cloak)
rCorr   .            (no gloves)
SInv    .            (no boots)
Will    .....        (no amulet)
Stlth   +            (no ring)
HPRegen 0.25/turn    (no ring)
MPRegen 0.08/turn

%: no passive effects
@: on berserk cooldown, slowed, very slow
A: horns 2, retaliatory headbutt
a: Renounce Religion, Berserk


You were on level 2 of the Dungeon.
You worshipped Trog.
Trog was aware of your devotion.
You visited 1 branch of the dungeon, and saw 2 of its levels.

You collected 78 gold pieces.

Inventory:

Hand Weapons
 a - a +0 mace
 i - a +0 broad axe (weapon)
Armour
 j - a +0 ring mail (worn)
Scrolls
 b - a scroll of summoning {unknown}
 c - a scroll of blinking {unknown}
 e - a scroll of revelation {unknown}
 g - 3 scrolls of teleportation {unknown}
 k - a scroll of poison {unknown}
 n - a scroll of identify {unknown}
Potions
 d - a potion of haste {unknown}
 f - a potion of resistance {unknown}
 h - 2 potions of curing {unknown}
 l - 2 potions of might {unknown}
 m - 2 potions of enlightenment {unknown}


   Skills:
 + Level 4.2 Fighting
 + Level 1.0(3.0) Axes
 + Level 4.6(4.7) Maces & Flails
 + Level 2.6 Armour
 + Level 2.7 Dodging
 + Level 0.6 Stealth


You had 2 spell levels left.
You didn't know any spells.
Your spell library was empty.

Dungeon Overview and Level Annotations

Branches:
Dungeon (2/15)

Altars:

Annotations:
D:2 Robin


Innate Abilities, Weirdness & Mutations

You have a pair of horns on your head.
You reflexively headbutt those who attack you in melee.


Message History

The goblin is heavily wounded.
You hit the goblin but do no damage. The goblin completely misses you.
The goblin barely misses you.
Robin hits you from afar with a +0 spear. x2
The goblin barely misses you. The goblin hits you with a +0 dagger.
You closely miss the goblin. Your headbutt misses the goblin.
The goblin is heavily wounded.
You closely miss the goblin.
The goblin no longer looks unusually strong.
The goblin hits you with a +0 club.
The goblin hits you with a +0 dagger. x2
* * * LOW HITPOINT WARNING * * *
The goblin hits you but does no damage.
You closely miss the goblin. You headbutt the goblin.
You kill the goblin!
Trog accepts your kill.
You hit the goblin.
You kill the goblin!
Trog accepts your kill. Robin barely misses you.
Robin says, "My army is invincible!"
Robin throws the goblin at you! The hobgoblin hits you.
* * * LOW HITPOINT WARNING * * *
Your base Axes skill increases to level 1!
You slash the goblin!
You kill the goblin!
Trog accepts your kill.
You slash the hobgoblin!
You kill the hobgoblin!
Trog accepts your kill.
Robin hits you from afar with a +0 spear.
* * * LOW HITPOINT WARNING * * *
Robin barely misses you. The hobgoblin barely misses you.
You closely miss the hobgoblin.
The hobgoblin no longer looks unusually strong.
Robin roars a battlecry!
The hobgoblin goes into a battle-frenzy!
The hobgoblin closely misses you.
Robin hits you from afar with a +0 spear.
You die...
Robin lets out a smug laugh.

#.............
#..............#.#.#g..#
#..###...>.##. ....#g..#
###..###.....# .......g
.............# #.#.#.#
##...........# ##.....##
#.#.#####...# #........
#.#.#.......#####.)<#
..............)@g...#
#######.#.#####g#.#.#.#
###.# #.<........
#.#####.###...#
#...............
############.### #


You could see Robin and a hobgoblin (strong).

Vanquished Creatures
  A bat (D:1)
  2 endoplasms (D:1)
  A giant cockroach (D:1)
  5 hobgoblins
  5 ball pythons
  2 frilled lizards
  11 goblins
  4 kobolds
  6 rats
37 creatures vanquished.

Notes
Turn   | Place    | Note
-------+----------+-------------------------------------------
     0 | D:1      | n00bmints the Minotaur Berserker began the quest for the
                  | Orb.
     0 | D:1      | Reached XP level 1. HP: 19/19 MP: 0/0
   129 | D:1      | Reached XP level 2. HP: 25/27 MP: 1/1
   210 | D:1      | Found a faded altar of an unknown god.
   442 | D:1      | Reached XP level 3. HP: 28/33 MP: 2/2
  1060 | D:2      | Noticed Robin
  1084 | D:2      | Reached skill level 1 in Axes
  1084 | D:2      | HP: 1/33 [Robin/+0 spear (4)]
  1085 | D:2      | Slain by Robin

Illustrated notes

Levels and vault maps discovered:
D:1:      erik_arrival_orb_chamber, layout_loops_ring,
          hellmonk_ecumenical_altar_crossroads, st_stairs_8
D:2:      minmay_diamond_boxcup, layout_basic, minmay_misc_feat_chi,
          minmay_pentomino_t4, uniq_robin, uniq_jessica

Skill      XL: |  1  2  3 |
---------------+----------+-----
Maces & Flails | 4 |  4.6
Fighting       | 4 |  4.2
Axes           | 1 |  1.0
Armour         | |  2.6
Dodging        | |  2.7
Stealth        | |  0.6

Action                     || total
---------------------------++-------
  Melee: Mace              ||    37
         Headbutt          ||     7
         Broad axe         ||    39
 Invoke: Berserk           ||     1
   Stab: Sleeping          ||     1
 Armour: Animal skin       ||    22
         Ring mail         ||    30
  Dodge: Dodged            ||    60

Table legend: (Time is in decaauts)
 A = Elapsed time spent in this place.
 B = Non-inter-level travel time spent in this place.
 C = Inter-level travel time spent in this place.
 D = Time resting spent in this place.
 E = Time spent auto-exploring this place.
 F = Levels seen in this place.
 G = Mean time per level.
                   A        B        C        D        E       F      G
               +--------+--------+--------+--------+--------+-----+--------+
         Total |   1106 |   1090 |     16 |      0 |    876 |   2 |  553.0 |
       Dungeon |   1106 |   1090 |     16 |      0 |    876 |   2 |  553.0 |
               +--------+--------+--------+--------+--------+-----+--------+

Top non-repeatable levels by time:
     D:1: 827 daAuts
     D:2: 278 daAuts
